 Dungeon Crawl Stone Soup version 0.28-a0-1143-gcf6077d4cc (webtiles) character file.

Game seed: 905923453107274922

72149 dolemite99 the Archer (level 15, -9/119 HPs)
             Began as a Demonspawn Gladiator on Dec 13, 2021.
             Was an Initiate of Yredelemnul.
             Mangled by a +8 trident of Texkiloc {chaos, Fly rF- Int+3} (14 damage)
             ... on level 2 of the Lair of Beasts on Dec 14, 2021.
             The game lasted 01:24:28 (40660 turns).

dolemite99 the Archer (Demonspawn Gladiator)       Turns: 40660, Time: 01:24:29

Health: -9/119     AC: 29    Str: 19      XL:     15   Next: 0%
Magic:  24/24      EV: 15    Int: 11 (12) God:    Yredelemnul [......]
Gold:   174        SH:  4    Dex: 15      Spells: 10/14 levels left

rFire   + . .      SeeInvis .   a - +3 scimitar (flame)
rCold   . . .      Faith    .   (no shield)
rNeg    . . .      Spirit   .   X - +0 plate armour {rPois}
rPois   +          Reflect  .   (helmet restricted)
rElec   .          Harm     .   Y - +1 cloak
rCorr   .          Rampage  .   U - +2 pair of gloves
Will    +....                   q - +0 pair of boots {Fly}
Stlth   ..........              C - amulet of the acrobat
HPRegen 0.29/turn               R - ring "Sudghut" {+Blink rPois, =R}
MPRegen 0.38/turn               d - ring of protection from fire

@: mighty, agile, flying
A: antennae 2, icemail 2, magic regeneration, sturdy frame 3, condensation
shield
a: Renounce Religion, Evoke Blink, Recall Undead Harvest


You were on level 2 of the Lair of Beasts.
You worshipped Yredelemnul.
Yredelemnul was pleased with you.
You visited 4 branches of the dungeon, and saw 22 of its levels.

You collected 1472 gold pieces.
You spent 1298 gold pieces at shops.

Inventory:

Hand Weapons
 a - a +3 scimitar of flaming (weapon)
 b - a +4 shortbow of freezing
 c - a +0 rapier
 k - a +6 dagger of venom
 w - a +0 vampiric scimitar
 y - the +3 war axe "Vianush" {protect, rElec Str+7 Stlth-}
   (You found it on level 7 of the Dungeon)

   It grants its wielder temporary protection when it strikes (+7 to AC).
   Str:       It affects your strength (+7).
   rElec:     It insulates you from electricity.
   Stlth:     It makes you less stealthy.
 E - a +4 short sword of draining
Missiles
 e - 2 throwing nets (quivered)
 i - 59 poisoned darts
 j - 153 arrows
 l - 8 curare-tipped darts
 u - 84 sling bullets
 M - 7 boomerangs
Armour
 g - a +0 ring mail
 q - a +0 pair of boots of flying (worn)
 t - a +1 pair of boots
 G - a +0 chain mail
 L - a +0 plate armour
 U - a +2 pair of gloves (worn)
 W - a scarf of harm
 X - a +0 plate armour of poison resistance (worn)
 Y - a +1 cloak (worn)
Magical Staves
 m - a staff of cold
 z - a staff of poison
Jewellery
 d - a ring of protection from fire (right hand)
 o - a +4 ring of evasion
 x - a ring of wizardry
 C - an amulet of the acrobat (around neck)
 I - an amulet of reflection
 O - an amulet of magic regeneration
 R - the ring "Sudghut" (left hand) {+Blink rPois, =R}
   (You took it off an orc warrior on level 9 of the Dungeon)

   [ring of poison resistance]

   rPois:     It protects you from poison.
   +Blink:    It lets you blink.
 Z - a +4 ring of evasion
Wands
 A - a wand of digging (9)
Scrolls
 f - a scroll of teleportation
 P - 2 scrolls of vulnerability
Potions
 n - 4 potions of heal wounds
 p - a potion of cancellation
 r - 5 potions of flight
 s - 4 potions of attraction
 v - 3 potions of magic
 D - a potion of mutation
 F - a potion of haste
 J - 2 potions of ambrosia
 K - a potion of brilliance
 V - 4 potions of curing
Miscellaneous
 Q - a box of beasts


   Skills:
 - Level 11.6 Fighting
 - Level 9.4(9.9) Short Blades
 + Level 4.3(7.4) Long Blades
 - Level 4.0 Polearms
 - Level 13.0 Bows
 - Level 1.7 Throwing
 - Level 9.0 Armour
 - Level 2.6 Dodging
 - Level 12.5 Invocations
 - Level 9.7 Evocations


You had 10 spell levels left.
You knew the following spells:

 Your Spells              Type           Power      Damage    Failure   Level
a - Animate Skeleton      Necr           0%         N/A       80%         1
b - Swiftness             Air            0%         N/A       99%         3

Your spell library contained the following spells:

 Spells                   Type           Power      Damage    Failure   Level
 Pain                     Necr           0%         1d4       80%         1
 Shock                    Conj/Air       0%         1d3       80%         1
 Summon Small Mammal      Summ           0%         N/A       80%         1
 Sublimation of Blood     Necr           0%         N/A       90%         2
 Wereblood                Tmut           0%         N/A       90%         2
 Call Canine Familiar     Summ           0%         N/A       99%         3
 Portal Projectile        Hex/Tloc       0%         N/A       99%         3
 Summon Guardian Golem    Hex/Summ       0%         N/A       99%         3
 Vampiric Draining        Necr           0%         2d6       99%         3
 Airstrike                Air            0%         N/A       100%        4
 Animate Dead             Necr           0%         N/A       100%        4
 Leda's Liquefaction      Hex/Erth       0%         N/A       100%        4
 Summon Ice Beast         Ice/Summ       0%         N/A       100%        4
 Borgnjor's Vile Clutch   Necr/Erth      0%         N/A       100%        5
 Freezing Cloud           Conj/Ice/Air   0%         6-21      100%        5
 Iskenderun's Battlesphe  Conj           0%         2d6       100%        5
 Iron Shot                Conj/Erth      0%         9d1       100%        6
 Spellforged Servitor     Conj/Summ      0%         N/A       100%        7
 Summon Hydra             Summ           0%         N/A       100%        7
 Death Channel            Necr           Unusable   N/A       N/A         6

Dungeon Overview and Level Annotations

Branches:
Dungeon (13/15)            Temple (1/1) D:5            Lair (6/6) D:11
  Swamp (0/4) Lair:4       Spider (0/4) Lair:4        Slime (0/5) Lair:5
    Orc (2/2) D:9             Elf (0/3) Orc:2
 Vaults: D:13-14

Altars:
Ashenzari
Cheibriados
Dithmenos
Elyvilon
Fedhas
Gozag
Hepliaklqana
Kikubaaqudgha
Makhleb
Nemelex Xobeh
Okawaru
Qazlal
Ru
Sif Muna
Trog
Uskayaw
Vehumet
Wu Jian
Xom
Yredelemnul
Zin
The Shining One
Beogh
Jiyva

Shops:
D:4 :   D:7 [   Orc:2 (!(*

Annotations:
Lair:5 1 runed translucent door
Orc:2 3 runed translucent doors, BlueFish's ghost, journeyman MiFi


Innate Abilities, Weirdness & Mutations

You have a pair of antennae on your head.
A meltable icy envelope protects you from harm. (AC +8)
You regenerate magic rapidly.
Your movements are significantly less encumbered by armour. (ER -6)
A meltable shield of frost defends you. (SH +4)


Message History

You slice ragingrage's ghost!! You burn ragingrage's ghost!
Ragingrage's ghost is almost destroyed.
The +8 trident of Texkiloc {chaos, Fly rF- Int+3} misses you.
Ragingrage's ghost hits you but does no damage.
The +8 trident of Texkiloc {chaos, Fly rF- Int+3} hits you from afar!!
You slash ragingrage's ghost! You burn ragingrage's ghost.
You destroy ragingrage's ghost!
The +8 trident of Texkiloc {chaos, Fly rF- Int+3} misses you.
You feel your intelligence returning.
Your box of beasts has recharged.
You have reached level 15!
Your experience leads to an increase in your attributes!
Your base attributes are Str 19, Int 10, Dex 15.
Increase (S)trength, (I)ntelligence, or (D)exterity?
You feel clever. x2; Your demonic ancestry asserts itself...
You feel less encumbered by your armour.
The +8 trident of Texkiloc {chaos, Fly rF- Int+3} hits you!
You block the +8 trident of Texkiloc {chaos, Fly rF- Int+3}'s attack.
There is an open translucent door, spattered with blood here.
You miss the +8 trident of Texkiloc {chaos, Fly rF- Int+3}.
You block the +8 trident of Texkiloc {chaos, Fly rF- Int+3}'s attack.
The +8 trident of Texkiloc {chaos, Fly rF- Int+3} hits you.
* * * LOW HITPOINT WARNING * * *
You closely miss the +8 trident of Texkiloc {chaos, Fly rF- Int+3}.
The +8 trident of Texkiloc {chaos, Fly rF- Int+3} hits you!
* * * LOW HITPOINT WARNING * * *
You convulse.
* * * LOW HITPOINT WARNING * * *
You slash the +8 trident of Texkiloc {chaos, Fly rF- Int+3}!
The +8 trident of Texkiloc {chaos, Fly rF- Int+3} is moderately damaged.
The +8 trident of Texkiloc {chaos, Fly rF- Int+3} hits you!
* * * LOW HITPOINT WARNING * * *
The +8 trident of Texkiloc {chaos, Fly rF- Int+3} barely misses you.
You barely miss the +8 trident of Texkiloc {chaos, Fly rF- Int+3}.
The +8 trident of Texkiloc {chaos, Fly rF- Int+3} is moderately damaged.
The +8 trident of Texkiloc {chaos, Fly rF- Int+3} hits you.
* * * LOW HITPOINT WARNING * * *
You are electrocuted!
You die...
Your body rises from the dead as a mindless zombie.

.................................
.................................
.................................
.................................
.................................
...............###..........>....
####.#.?.#P.####.###.........##..
############._(#..........####
#P##@##..........# #
#................#
##..............##
###.#.#........# #............#
##..#........# ###.........#
##........## ##.........#


You could see a +8 trident of Texkiloc {chaos, Fly rF- Int+3}.

Vanquished Creatures
  Azrael (Orc:2)
  The ghost of ragingrage the Cleaver, a journeyman GrAr of Okawaru (Lair:2)
  A boulder beetle (D:11)
  3 hydras
  A catoblepas (Lair:6)
  A centaur warrior (D:12)
  2 death yaks (Lair:6)
  5 two-headed ogres
  2 orc high priests
  Sonja (D:12)
  A lindwurm (Lair:6)
  An orc knight (D:9)
  A deep elf pyromancer (D:12)
  A wolf spider (Lair:6)
  2 manticores
  An orc sorcerer (Orc:2)
  A cyclops (D:11)
  2 black mambas
  6 elephants
  Maurice (D:11)
  9 cane toads
  A torpor snail (Lair:6)
  Psyche (D:12)
  8 komodo dragons
  4 rime drakes
  Prince Ribbit (D:6)
  6 trolls
  A hornet (Lair:3)
  A dream sheep (Lair:6)
  7 blink frogs
  A slime creature (D:9)
  2 shadows
  A wyvern (Lair:6)
  58 yaks
  2 vampires (D:11)
  3 basilisks
  4 vampire mosquitoes
  4 wargs
  10 water moccasins
  4 acid dragons
  2 hell hounds (Orc:2)
  Duvessa (D:6)
  14 orc warriors
  3 ice beasts
  A hornet zombie (D:7)
  2 black bears
  A necrophage (D:7)
  2 ogres (D:9)
  20 wolves
  6 centaurs
  4 phantoms
  8 bullfrogs
  2 gnoll sergeants
  2 scorpions
  2 water moccasin zombies (D:5)
  A wyvern skeleton (D:7)
  Dowan (D:6)
  A troll zombie (D:9)
  A water moccasin skeleton (D:4)
  8 killer bees
  A howler monkey (D:9)
  4 wights
  4 electric eels
  A bullfrog zombie (D:6)
  3 lava snakes (Lair:6)
  2 centaur zombies (D:9)
  2 bullfrog skeletons
  2 hounds
  A jelly (D:5)
  14 orc priests
  A centaur skeleton (D:4)
  3 gnoll shamans
  A hell rat (Lair:6)
  18 orc wizards
  Terence (D:2)
  A killer bee zombie (D:9)
  4 ogre zombies (D:9)
  A hound skeleton (D:3)
  A mummy (D:8)
  2 howler monkey zombies
  2 howler monkey skeletons
  15 gnolls
  11 adders
  2 worms (D:2)
  4 dart slugs
  30 orcs
  5 ball pythons
  4 bats
  7 endoplasms
  A giant cockroach (D:2)
  7 goblins
  4 hobgoblins
  4 jackals (D:2)
  8 quokkas
  2 frilled lizards
  2 goblin zombies (D:9)
  A hobgoblin skeleton (D:9)
  7 hobgoblin zombies
  8 kobolds
  2 orc skeletons (D:9)
  15 orc zombies
  5 rats
458 creatures vanquished.

Vanquished Creatures (collateral kills)
  Kirke (Lair:4)
  3 hydras
  A centaur warrior (D:9)
  An ogre mage (Orc:1)
  2 two-headed ogres (Orc:1)
  An orc high priest (Orc:2)
  A death yak (Lair:6)
  A cyclops (D:11)
  5 elephants
  A manticore (Lair:6)
  3 black mambas
  6 cane toads
  3 rime drakes
  7 komodo dragons
  A polar bear (Lair:3)
  A troll (D:8)
  10 blink frogs
  A tyrant leech (Lair:4)
  2 dream sheep (Lair:6)
  A shadow (D:12)
  24 yaks
  A fire elemental (Orc:2)
  A vampire (D:9)
  5 basilisks
  3 wyverns
  2 hogs (Lair:4)
  2 vampire mosquitoes (D:11)
  A steam dragon (D:9)
  4 swamp worms (Lair:4)
  An acid dragon (D:9)
  4 water moccasins
  A hell hound (Orc:2)
  2 orc warriors
  6 wolves
  3 ogres
  A gnoll sergeant (D:12)
  4 bullfrogs
  A killer bee (D:8)
  An electric eel (Lair:6)
  A wight (D:10)
  A howler monkey (D:9)
  A bullfrog zombie (D:6)
  A centaur zombie (D:5)
  A jelly (D:6)
  7 orc priests
  2 iguanas (D:5)
  5 orc wizards
  3 ogre zombies (D:9)
  9 gnolls
  A shadow imp (D:6)
  8 orcs
  A kobold zombie (D:8)
  An orc zombie (D:8)
161 creatures vanquished.

Vanquished Creatures (others)
  A spectral slime creature (D:9)
  A catoblepas zombie (Lair:6)
  A boulder beetle zombie (D:11)
  A human (Lair:4)
  A cane toad zombie (Lair:3)
  A two-headed ogre zombie (D:9)
  8 blink frog zombies
  2 elephant zombies (Lair:6)
  A manticore zombie (D:9)
  5 rime drake zombies
  4 vampire mosquito zombies
  4 komodo dragon zombies
  3 wyvern zombies
  A cyclops zombie (D:11)
  6 water moccasin zombies
  2 troll zombies
  A warg zombie (Orc:1)
  A spectral ice beast (D:8)
  21 yak zombies
  2 wights (D:10)
  9 wolf zombies
  2 centaur zombies
  3 bullfrog zombies
  4 basilisk zombies
  4 killer bee zombies
  2 ogre zombies
  2 acid dragon zombies (D:9)
  A hell rat zombie (Lair:6)
  A howler monkey zombie (D:9)
  2 lava snake zombies (Lair:6)
  3 adder zombies
  9 gnoll zombies
  39 orc zombies
  50 fungi
  108 plants
306 creatures vanquished.

Grand Total: 925 creatures vanquished

Notes
Turn   | Place    | Note
-------+----------+-------------------------------------------
     0 | D:1      | dolemite99 the Demonspawn Gladiator began the quest for the
                  | Orb.
     0 | D:1      | Reached XP level 1. HP: 16/16 MP: 1/1
   316 | D:1      | Gained mutation: You regenerate magic rapidly. [demonic
                  | ancestry]
   316 | D:1      | Reached XP level 2. HP: 22/22 MP: 2/2
   680 | D:1      | Gained mutation: A meltable shield of frost defends you.
                  | (SH +4) [demonic ancestry]
   680 | D:1      | Reached XP level 3. HP: 7/27 MP: 3/3
  1329 | D:2      | Found a faded altar of an unknown god.
  1682 | D:2      | Reached skill level 1 in Short Blades
  2220 | D:2      | Noticed Terence
  2232 | D:2      | Killed Terence
  2233 | D:2      | Reached XP level 4. HP: 16/33 MP: 4/4
  3304 | D:3      | Gained mutation: Your movements are slightly less
                  | encumbered by armour. (ER -2) [demonic ancestry]
  3304 | D:3      | Reached XP level 5. HP: 33/38 MP: 5/5
  4056 | D:4      | Found Atwis's Book Shoppe.
  4255 | D:4      | Gained mutation: You have a pair of small antennae on your
                  | head. [demonic ancestry]
  4255 | D:4      | Reached XP level 6. HP: 26/46 MP: 6/6
  4671 | D:4      | Got the Incunabulum of Dark Rituals and the Frostbite
  4956 | D:5      | Entered Level 5 of the Dungeon
  4979 | D:5      | Found a staircase to the Ecumenical Temple.
  5008 | D:5      | Reached skill level 5 in Fighting
  5008 | D:5      | Gained mutation: A meltable icy envelope protects you from
                  | harm. (AC +8) [demonic ancestry]
  5008 | D:5      | Reached XP level 7. HP: 39/56 MP: 7/7
  5010 | Temple   | Entered the Ecumenical Temple
  5434 | Temple   | Became a worshipper of Ru the Awakened
  5681 | Temple   | Fell from the grace of Ru
  5681 | Temple   | Became a worshipper of Yredelemnul the Dark
  6102 | D:5      | Reached * piety under Yredelemnul
  6438 | D:5      | Found a large runed translucent door.
  6439 | D:5      | Found a large runed translucent door.
  6547 | D:5      | Gained mutation: You have a pair of antennae on your head.
                  | [demonic ancestry]
  6547 | D:5      | Reached XP level 8. HP: 68/68 MP: 8/8
  6719 | D:5      | Found an opulent altar of Gozag.
  6763 | D:5      | Found a shimmering altar of Xom.
  7055 | D:6      | Noticed Prince Ribbit
  7078 | D:6      | Killed Prince Ribbit
  7097 | D:6      | HP: 2/71 [orc wizard/magic dart (7)]
  8041 | D:6      | Reached skill level 10 in Fighting
  8279 | D:6      | Noticed Duvessa
  8279 | D:6      | Noticed Dowan
  8294 | D:6      | Killed Duvessa
  8308 | D:6      | Killed Dowan
  8309 | D:6      | Reached XP level 9. HP: 38/79 MP: 9/9
  8659 | D:6      | Reached ** piety under Yredelemnul
  9664 | D:7      | Reached skill level 5 in Short Blades
  9711 | D:7      | Found Sourghoz's Antique Armour Boutique.
 10135 | D:7      | Identified the +3 war axe "Vianush" {protect, rElec Str+7
                  | Stlth-}
 12041 | D:8      | Noticed a troll
 12053 | D:8      | Killed a troll
 12054 | D:8      | Reached skill level 1 in Armour
 12054 | D:8      | Reached XP level 10. HP: 86/86 MP: 10/10
 13677 | D:8      | Reached skill level 5 in Armour
 14422 | D:8      | Reached skill level 1 in Evocations
 15467 | D:8      | Reached skill level 5 in Evocations
 15815 | D:9      | Noticed Psyche
 16574 | D:9      | Found a staircase to the Orcish Mines.
 16782 | D:9      | Reached XP level 11. HP: 83/92 MP: 11/11
 16801 | D:9      | Noticed a two-headed ogre
 16823 | D:9      | Killed a two-headed ogre
 17413 | D:9      | Identified the ring "Sudghut" {+Blink rPois}
 18130 | D:9      | Noticed a centaur warrior
 18137 | D:9      | Noticed a seven-headed hydra
 18142 | D:9      | Killed a centaur warrior
 18386 | D:10     | Entered Level 10 of the Dungeon
 18644 | D:10     | Reached *** piety under Yredelemnul
 19164 | D:11     | Noticed a boulder beetle
 19707 | D:11     | Killed a boulder beetle
 20056 | D:11     | Noticed Maurice
 20075 | D:11     | Noticed an eight-headed hydra
 20132 | D:11     | Killed Maurice
 20882 | D:11     | Killed an eight-headed hydra
 20887 | D:11     | Found a staircase to the Lair.
 21503 | D:11     | Noticed a two-headed ogre
 21517 | D:11     | Killed a two-headed ogre
 21518 | D:11     | Gained mutation: Your movements are less encumbered by
                  | armour. (ER -4) [demonic ancestry]
 21518 | D:11     | Reached XP level 12. HP: 87/100 MP: 12/12
 21947 | D:12     | Killed Psyche
 22256 | D:12     | Noticed Sonja
 23015 | D:12     | Reached skill level 1 in Invocations
 23451 | D:12     | Killed Sonja
 23508 | D:13     | Noticed a centaur warrior
 23510 | D:13     | Noticed a two-headed ogre
 23715 | D:11     | Killed a two-headed ogre
 23716 | D:11     | Reached skill level 5 in Invocations
 24195 | Lair:1   | Entered Level 1 of the Lair of Beasts
 24615 | Lair:1   | Noticed a five-headed hydra
 24639 | Lair:1   | Killed a five-headed hydra
 25578 | Lair:2   | Reached skill level 10 in Invocations
 25693 | Lair:2   | Found a runed translucent door.
 25694 | Lair:2   | Found a shimmering altar of Xom.
 25694 | Lair:2   | Noticed ragingrage's ghost (journeyman GrAr)
 25694 | Lair:2   | Identified the +8 trident of Texkiloc {chaos, Fly rF-
                  | Int+3}
 26015 | Lair:2   | Noticed a five-headed hydra
 26036 | Lair:2   | Killed a five-headed hydra
 26180 | Lair:2   | Gained mutation: A meltable icy envelope protects you from
                  | harm. (AC +8) [demonic ancestry]
 26180 | Lair:2   | Reached XP level 13. HP: 89/106 MP: 22/22
 26187 | Lair:2   | Reached skill level 1 in Bows
 26602 | Lair:2   | Reached skill level 2 in Bows
 26847 | Lair:3   | Reached skill level 3 in Bows
 27118 | Lair:3   | Reached skill level 4 in Bows
 27139 | Lair:3   | Reached **** piety under Yredelemnul
 27143 | Lair:3   | Reached ***** piety under Yredelemnul
 27242 | Lair:3   | Reached skill level 5 in Bows
 27422 | Lair:3   | Reached ****** piety under Yredelemnul
 27521 | Lair:3   | Reached skill level 6 in Bows
 28267 | Lair:4   | Reached skill level 7 in Bows
 28538 | Lair:4   | Found a staircase to the Swamp.
 29051 | Lair:4   | Reached skill level 8 in Bows
 29127 | Lair:4   | Noticed Kirke
 29139 | Lair:4   | Killed Kirke
 29167 | Lair:4   | Found a hole to the Spider Nest.
 29803 | Lair:5   | Reached skill level 9 in Bows
 30609 | Lair:5   | Found a runed translucent door.
 30610 | Lair:5   | Found a viscous altar of Jiyva.
 30610 | Lair:5   | Noticed an azure jelly
 30610 | Lair:5   | Noticed an azure jelly
 30612 | Lair:5   | Found a staircase to the Slime Pits.
 30612 | Lair:5   | Noticed an azure jelly
 30656 | Lair:5   | Reached skill level 10 in Bows
 31289 | Lair:6   | Entered Level 6 of the Lair of Beasts
 31320 | Lair:6   | Found a gate leading to a gauntlet.
 31598 | Lair:5   | Reached XP level 14. HP: 109/113 MP: 23/23
 32553 | Lair:6   | Reached skill level 11 in Bows
 34008 | Lair:6   | Reached skill level 12 in Bows
 35053 | Lair:4   | Reached skill level 13 in Bows
 35172 | D:11     | Upgraded the game from 0.28-a0-1130-gc51a68064b to
                  | 0.28-a0-1143-gcf6077d4cc
 36021 | Orc:1    | Entered Level 1 of the Orcish Mines
 37425 | Orc:2    | Entered Level 2 of the Orcish Mines
 37425 | Orc:2    | Noticed Azrael
 37450 | Orc:2    | Killed Azrael
 37451 | Orc:2    | Reached skill level 1 in Long Blades
 37724 | Orc:2    | Found a staircase to the Elven Halls.
 38340 | Orc:2    | Learned a level 1 spell: Animate Skeleton
 38344 | Orc:2    | Learned a level 3 spell: Swiftness
 39344 | Orc:2    | Found Gull's Antique Weapon Shoppe.
 39344 | Orc:2    | Found Hogafop's Weapon Emporium.
 39347 | Orc:2    | Found Tuakkydu's Distillery.
 39349 | Orc:2    | Found Ateh's Assorted Antiques.
 39517 | Orc:2    | Bought a scroll of blinking for 247 gold pieces
 39517 | Orc:2    | Bought a wand of paralysis (4) for 66 gold pieces
 39529 | Orc:2    | Bought a +0 vampiric scimitar for 154 gold pieces
 39536 | Orc:2    | Bought an ebony long sword for 306 gold pieces
 39536 | Orc:2    | Identified the +1 long sword of Ambiguity {drain, Int+3}
                  | (You bought it in a shop on level 2 of the Orcish Mines)
 39561 | Orc:2    | Bought a potion of heal wounds for 75 gold pieces
 39561 | Orc:2    | Bought 2 potions of haste for 300 gold pieces
 39561 | Orc:2    | Bought a potion of haste for 150 gold pieces
 39830 | Orc:2    | Noticed an orc warlord
 39853 | Orc:2    | Found a runed translucent gate.
 39854 | Orc:2    | Found a runed translucent gate.
 39855 | Orc:2    | Found a runed translucent gate.
 39855 | Orc:2    | Noticed BlueFish's ghost (journeyman MiFi)
 40655 | Lair:2   | Killed ragingrage's ghost
 40656 | Lair:2   | Gained mutation: Your movements are significantly less
                  | encumbered by armour. (ER -6) [demonic ancestry]
 40656 | Lair:2   | Reached XP level 15. HP: 47/119 MP: 24/24
 40660 | Lair:2   | HP: 5/119 [+8 trident of Texkiloc {chaos, Fly rF- Int+3}
                  | (4)]
 40660 | Lair:2   | Mangled by a +8 trident of Texkiloc {chaos, Fly rF- Int+3}

Illustrated notes

Levels and vault maps discovered:
D:1:      dpeg_arrival_more_subterranean_lakeside_camping, layout_basic,
          nicolae_figureground_pulse
D:2:      layout_loops_ring, ebering_ecumenical_altar_box, uniq_terence
D:3:      layout_rooms, minmay_shallow_snake_nest
D:4:      layout_cave_pools, serial_shops, kennysheep_mini
D:5:      layout_loops_cross, jmf_multi_god_temple2,
          minmay_temple_entry_large_hall
D:6:      layout_cave_pools, uniq_duvessa, uniq_prince_ribbit1
D:7:      layout_loops_ring, serial_shops, nicolae_stop_n_shop_1
D:8:      layout_cave_pods, minmay_mini_ossuary
D:9:      minmay_the_grid_3x2 [minmay_the_grid_square_x, minmay_the_grid_spikes,
          minmay_the_grid_gridbox, minmay_the_grid_minigrid_small_alt,
          minmay_the_grid_medium_cups,
          minmay_the_grid_prize_four_corners_diamond_a], layout_cave_pools,
          zombieorc2_lemuel, uniq_psyche
D:10:     layout_basic
D:11:     layout_loops_ring, david_lair_shrubbed, uniq_maurice
D:12:     layout_cave_pods, uniq_sonja
D:13:     layout_rooms, nicolae_trove_entry_diagonal
Temple:   mainiacjoe_temple_big_plus
Lair:1:   layout_loops_ring, st_stairs_10, serial_bayou_shore_a,
          grunt_megastairs_2
Lair:2:   layout_big_grid, ebering_ghost_xom, eino_small_chamber_without_monster
Lair:3:   layout_regular_city, grunt_megastairs_3, lemuel_fruit_fields,
          infiniplex_staircase_pool
Lair:4:   dpeg_oklob_shooting_range, layout_regular_city,
          minmay_swamp_entry_worms, spider_nest_entry_web_field,
          eino_small_chamber_without_monster, dreamdust_deal_with_the_devil,
          serial_bayou_shore_b, uniq_kirke
Lair:5:   layout_small_grid, slime_altar_2
Lair:6:   hangedman_lair_in_review, layout_cave_pods, gauntlet_entry_generic,
          nicolae_lair_liquid_snakes, infiniplex_staircase_pool_2
Orc:1:    layout_caves, basic_altar
Orc:2:    st_orc_mages, layout_caves, gammafunk_ghost_split, uniq_azrael

Skill      XL: |  1  2  3  4  5  6  7  8  9 10 11 12 13 14 |
---------------+-------------------------------------------+-----
Polearms       | 3 4 |  4.0
Short Blades   | 2 3 4 8 9 |  9.4
Fighting       | 5 7 10 11 | 11.6
Armour         | 1 6 7 9 |  9.0
Evocations     | 6 9 |  9.7
Invocations    | 12 | 12.5
Bows           | 10 13 | 13.0
Long Blades    | 4 |  4.3
Throwing       | |  1.7
Dodging        | |  2.6

Action                   |  1- 3 |  4- 6 |  7- 9 | 10-12 | 13-15 || total
-------------------------+-------+-------+-------+-------+-------++-------
Melee: Trident           |    47 |    35 |    47 |     4 |       ||   133
       Dagger            |    59 |   155 |   406 |   970 |       ||  1590
       Rapier            |       |       |       |    59 |       ||    59
       War axe           |       |       |       |    11 |       ||    11
       Short sword       |       |       |       |   265 |   422 ||   687
       Scimitar          |       |       |       |       |    79 ||    79
 Fire: Hunting sling     |       |       |       |     7 |       ||     7
       Shortbow          |       |       |       |    21 |   554 ||   575
Throw: Dart              |       |     4 |    24 |    75 |     8 ||   111
       Throwing net      |       |       |     1 |       |     2 ||     3
       Boomerang         |       |       |       |    32 |    19 ||    51
Invok: Dark Bargain      |       |       |       |       |     4 ||     4
       Recall Undead Har |       |       |       |       |     1 ||     1
 Abil: Evoke Blink       |       |       |       |       |     1 ||     1
Evoke: Wand              |       |       |    29 |    27 |    39 ||    95
       Box of beasts     |       |       |       |       |     3 ||     3
  Use: Potion            |       |     3 |     3 |     5 |     6 ||    17
       Scroll            |       |     2 |     8 |    14 |    16 ||    40
 Stab: Distracted        |       |       |     3 |     4 |     2 ||     9
       Held in net/web   |       |       |     1 |       |       ||     1
       Paralysed         |       |       |       |     1 |       ||     1
Armor: Leather armour    |     2 |       |       |       |       ||     2
       Ring mail         |    29 |    73 |    97 |       |       ||   199
       Chain mail        |       |       |    77 |   101 |       ||   178
       Plate armour      |       |       |       |   499 |   392 ||   891
Dodge: Dodged            |    50 |   129 |   237 |   482 |   396 ||  1294
Block: Other             |     9 |    30 |    57 |   172 |   101 ||   369

Table legend: (Time is in decaauts)
 A = Elapsed time spent in this place.
 B = Non-inter-level travel time spent in this place.
 C = Inter-level travel time spent in this place.
 D = Time resting spent in this place.
 E = Time spent auto-exploring this place.
 F = Levels seen in this place.
 G = Mean time per level.
                   A        B        C        D        E       F      G
               +--------+--------+--------+--------+--------+-----+--------+
         Total |  39665 |  38372 |   1293 |  14243 |  15846 |  22 | 1803.0 |
       Dungeon |  24505 |  23697 |    808 |  10102 |   8758 |  13 | 1885.0 |
        Temple |    709 |    610 |     99 |    189 |    320 |   1 |  709.0 |
          Lair |  10724 |  10383 |    341 |   2095 |   5753 |   6 | 1787.3 |
  Orcish Mines |   3726 |   3683 |     43 |   1856 |   1014 |   2 | 1863.0 |
               +--------+--------+--------+--------+--------+-----+--------+

Top non-repeatable levels by time:
     D:8: 5043 daAuts
    D:11: 3675 daAuts
     D:9: 3421 daAuts
  Lair:6: 3082 daAuts
   Orc:1: 2169 daAuts
  Lair:5: 2156 daAuts
    D:12: 2125 daAuts
     D:2: 1771 daAuts
     D:5: 1690 daAuts
   Orc:2: 1557 daAuts
  Lair:4: 1546 daAuts
     D:6: 1505 daAuts
  Lair:3: 1434 daAuts
     D:7: 1391 daAuts
  Lair:1: 1339 daAuts
